 Dungeon Crawl Stone Soup version 0.23.0 (webtiles) character file.

Game seed: 4555798359563920763

5 LostNumber the Skirmisher (level 1, 0/18 HPs)
             Began as a Demonspawn Abyssal Knight on Feb 10, 2019.
             Was an Initiate of Lugonu.
             Slain by a jackal (2 damage)
             ... on level 1 of the Dungeon.
             The game lasted 00:00:44 (277 turns).

LostNumber the Skirmisher (DsAK)                     Turns: 277, Time: 00:00:45

Health: 0/18       AC:  3    Str: 12    XL:     1   Next: 66%
Magic:  2/2        EV: 11    Int: 13    God:    Lugonu [......]
Gold:   4          SH:  0    Dex: 12    Spells: 0/0 levels left

rFire    . . .     SeeInvis .   a - +1 mace
rCold    . . .     Gourm    .   (no shield)
rNeg     . . .     Faith    .   b - +0 leather armour
rPois    .         Spirit   .   (no helmet)
rElec    .         Reflect  .   (no cloak)
rCorr    .         Harm     .   (no gloves)
MR       .....                  (no boots)
Stlth    +.........             (no amulet)
HPRegen  0.06/turn              (no ring)
MPRegen  0.08/turn              (no ring)

@: no status effects
A: no striking features
a: Renounce Religion


You were on level 1 of the Dungeon.
You worshipped Lugonu.
Lugonu was noncommittal.
You were not hungry.

You visited 1 branch of the dungeon, and saw 1 of its levels.
You visited the Abyss 1 time.

You collected 4 gold pieces.

Inventory:

Hand Weapons
 a - a +1 mace (weapon)
Armour
 b - a +0 leather armour (worn)
Scrolls
 d - 2 scrolls of vulnerability {unknown}
Miscellaneous
 c - a lamp of fire
   (You found it on level 2 of the Abyss)
Comestibles
 e - a ration {!d}
 f - 5 chunks of flesh


   Skills:
 + Level 3.1 Fighting
 * Level 2.0 Maces & Flails
 - Level 1.7 Armour
 - Level 0.8 Dodging
 + Level 2.6 Invocations


You couldn't memorise any spells.
You didn't know any spells.
Your spell library was empty.

Dungeon Overview and Level Annotations

Branches:
Dungeon (1/15)

Altars:


Message History

A hobgoblin is nearby!
A bat and a jackal come into view.
A jackal and a goblin come into view.
The goblin shouts!
The jackal barks! x2
A hobgoblin comes into view. It is wielding a +0 club.
The jackal moves out of view.
The hobgoblin hits you with a +0 club.
You hit the hobgoblin.
You kill the hobgoblin!
Lugonu accepts your kill.
You closely miss the jackal.
The hobgoblin shouts!
The jackal bites you. x2
You closely miss the jackal. The jackal barely misses you.
The jackal closely misses you.
The jackal bites you but does no damage.
The jackal misses you.
You barely miss the jackal. The jackal misses you. x2
The goblin hits you but does no damage. The bat completely misses you.
The jackal barely misses you. The jackal bites you.
You hit the jackal. The bat barely misses you.
The bat hits you but does no damage. The jackal bites you.
The jackal misses you. The goblin hits you but does no damage.
A dart slug comes into view.
The jackal bites you.
The jackal bites you but does no damage.
Unknown command.
The bat misses you. The goblin closely misses you. The jackal bites you.
The hobgoblin hits you with a +0 club!
* * * LOW HITPOINT WARNING * * *
The goblin barely misses you. The bat hits you.
* * * LOW HITPOINT WARNING * * *
The bat closely misses you.
The hobgoblin hits you but does no damage.
The bat hits you but does no damage. The bat hits you but does no damage.
The jackal barely misses you. The bat closely misses you.
The bat completely misses you. The bat hits you but does no damage.
The bat hits you but does no damage.
Found a ration.
Unknown command.
Unknown command.
The bat completely misses you. The jackal barely misses you.
The jackal bites you.
* * * LOW HITPOINT WARNING * * *
The bat barely misses you.
Unknown command.
The jackal bites you.
You die...

#.≈≈8≈≈≈≈8§≈.....
#.≈≈§####≈≈≈.....
#.≈§≈#<.#≈≈≈....
#.≈§≈#((#≈≈≈...(
##.≈§≈#''#≈≈§.####
#..≈≈8≈≈≈≈8≈≈.)..#
####.#≈8≈≈≈≈≈≈8≈÷##....#
.....#≈≈≈≈≈≈§≈≈≈.#
###...#
.......##.....gh@.# ..#
....##.........h######%
.
.....)...w...g.........
....###.?#####.........
.. #.## ##.....#.. #.#
#.....# #.# #.....# #w#
#.....# ..# ......#


You could see a dart slug, 2 jackals, a hobgoblin and a goblin.

Vanquished Creatures
  2 hobgoblins (D:1)
  A kobold (D:1)
  2 rats (D:1)
5 creatures vanquished.

Notes
Turn   | Place    | Note
-------+----------+-------------------------------------------
     0 | Abyss:1  | LostNumber the Demonspawn Abyssal Knight began the quest
                  | for the Orb.
     0 | Abyss:1  | Reached XP level 1. HP: 18/18 MP: 2/2
    80 | Abyss:2  | Noticed a tentacled starspawn
    81 | D:1      | Escaped the Abyss
   277 | D:1      | Slain by a jackal

Skill      XL: |  1 |
---------------+----+-----
Maces & Flails | 2 |  2.0
Fighting       | |  3.1
Armour         | |  1.7
Dodging        | |  0.8
Invocations    | |  2.6

Action                   || total
-------------------------++-------
Melee: Mace              ||    13
Invok: Depart the Abyss  ||     1
Armor: Leather armour    ||    13
Dodge: Dodged            ||    26
